 Dungeon Crawl Stone Soup version 0.30-a0-1082-g70414cbcbb (webtiles) character file.

Game seed: 9848877067450650159

574 Esekla the Covert (level 7, 0/47 HPs)
             Began as an Octopode Delver on Apr 14, 2023.
             Was an Initiate of Gozag.
             Slain by Prince Ribbit (4 damage)
             ... on level 5 of the Dungeon on Apr 15, 2023.
             The game lasted 00:18:39 (3433 turns).

Esekla the Covert (Octopode Delver)                 Turns: 3433, Time: 00:18:39

Health: 0/47       AC:  1    Str: 12    XL:     7   Next: 34%
Magic:  19/19      EV: 13    Int: 14    God:    Gozag
Gold:   609        SH:  0    Dex: 13    Spells: 10/10 levels left

rFire   . . .      SeeInvis .    a - +0 long sword
rCold   . . .      Faith    .    (no shield)
rNeg    . . .      Spirit   .    (helmet restricted)
rPois   +          Reflect  .    (no amulet)
rElec   .          Rampage  .    p - ring of flight
rCorr   .                        t - ring of poison resistance
Will    .....                    u - ring of magical power
Stlth   +++++                    (no ring)
HPRegen 0.27/turn                (no ring)
MPRegen 0.16/turn                (no ring)
                                 (no ring)
                                 (no ring)

@: flying, studying Throwing
A: almost no armour, amphibious, 8 rings, camouflage 1, gelatinous body 1,
(nimble swimmer 1), tentacles
a: Renounce Religion, Potion Petition, Call Merchant, Bribe Branch


You were on level 5 of the Dungeon.
You worshipped Gozag.
Gozag was pleased with you.
You visited 2 branches of the dungeon, and saw 6 of its levels.

You collected 661 gold pieces.
You spent 33 gold pieces at shops.
You paid 19 gold pieces to Gozag.

Inventory:

Hand Weapons
 a - a +0 long sword (weapon)
 r - a +0 spear of venom
 s - a +0 dagger
Missiles
 m - 2 poisoned darts (quivered)
 C - a throwing net
Jewellery
 p - a ring of flight (left tentacle)
 t - a ring of poison resistance (right tentacle)
 u - a ring of magical power (on tentacle)
 B - an amulet of faith
Wands
 c - a wand of polymorph (4)
 f - a wand of digging (9)
Scrolls
 b - 2 scrolls of fog
 d - a scroll of fear
 g - a scroll of poison {unknown}
 h - 3 scrolls of teleportation
 i - 7 scrolls of identify {unknown}
 k - a scroll of blinking {unknown}
 o - 2 scrolls of vulnerability {unknown}
 A - a scroll of noise {unknown}
Potions
 e - a potion of haste
 l - a potion of cancellation {unknown}
 n - a potion of flight {unknown}
 q - a potion of might {unknown}
 v - a potion of attraction {unknown}
 w - a potion of mutation {unknown}
 x - a potion of invisibility {unknown}
 y - 3 potions of curing {unknown}
 z - 2 potions of degeneration {unknown}


   Skills:
 * Level 3.6 Fighting
 + Level 1.0(2.8) Short Blades
 * Level 4.2 Long Blades
 + Level 0.2 Throwing
 * Level 2.9 Dodging
 + Level 8.6 Stealth
 * Level 2.0 Spellcasting
 * Level 2.2 Conjurations
 * Level 1.4 Transmutations


You had 10 spell levels left.
You didn't know any spells.
Your spell library contained the following spells:

 Spells                   Type           Power      Damage    Failure   Level
 Summon Small Mammal      Summ           4%         N/A       24%         1
 Stone Arrow              Conj/Erth      8%         3d7       41%         3
 Call Canine Familiar     Summ           1%         N/A       56%         3
 Summon Guardian Golem    Hex/Summ       1%         N/A       56%         3
 Lehudib's Crystal Spear  Conj/Erth      2%         10d2      100%        8
 Animate Armour           Summ/Erth      Unusable   N/A       N/A         4

Dungeon Overview and Level Annotations

Branches:
Dungeon (5/15)             Temple (1/1) D:5

Altars:
Dithmenos
Fedhas
Gozag
Hepliaklqana
Kikubaaqudgha
Qazlal
Sif Muna
Trog
Xom
Yredelemnul
Zin

Shops:
D:1 ?   D:2 =

Annotations:
D:5 Prince Ribbit, Sigmund


Innate Abilities, Weirdness & Mutations

You cannot wear most types of armour.
You are amphibious.
You can wear up to eight rings at the same time.
Your skin changes colour to match your surroundings (Stealth+).
Your rubbery body absorbs attacks. (AC +1, EV +1)
((You are camouflaged when in or above water. (Stealth+)))
You have tentacles for arms and can constrict up to eight enemies at once.


Message History

You hit Prince Ribbit. You grab Prince Ribbit. You squeeze Prince Ribbit!
Prince Ribbit is severely wounded.
You constrict Prince Ribbit.
Prince Ribbit struggles to blink free from constriction.
Prince Ribbit hits you!
You hit Prince Ribbit but do no damage.
Prince Ribbit is severely wounded.
You constrict Prince Ribbit. Prince Ribbit hits you!
* * * LOW HITPOINT WARNING * * *
Prince Ribbit blinks free!
There is an open door, spattered with blood here.
Throw: 5 darts (poison)
Press: ? - help, Q - select action, (/) - cycle Shift-Dir - straight line, f - Prince Ribbit
Aim: Prince Ribbit (severely wounded, 34% to hit)
You throw a poisoned dart. The poisoned dart hits Prince Ribbit.
Prince Ribbit is severely wounded.
You barely miss Prince Ribbit. Your grab misses Prince Ribbit.
Prince Ribbit is severely wounded.
Prince Ribbit misses you.
Prince Ribbit hops awkwardly around.
Prince Ribbit blinks!
Throw: 4 darts (poison)
Press: ? - help, Q - select action, (/) - cycle Shift-Dir - straight line, f/p - Prince Ribbit
Aim: Prince Ribbit (severely wounded, 34% to hit)
You throw a poisoned dart. The poisoned dart misses Prince Ribbit.
Prince Ribbit hits you!
* * * LOW HITPOINT WARNING * * *
You miss Prince Ribbit. Your grab misses Prince Ribbit.
Your squeeze misses Prince Ribbit.
Prince Ribbit is severely wounded.
Prince Ribbit blinks!
Throw: 3 darts (poison)
Press: ? - help, Q - select action, (/) - cycle Shift-Dir - straight line, f/p - Prince Ribbit
Aim: Prince Ribbit (severely wounded, 34% to hit)
You throw a poisoned dart. The poisoned dart hits Prince Ribbit.
Prince Ribbit is poisoned.
Prince Ribbit is severely wounded.
Prince Ribbit blinks!
Prince Ribbit hits you.
You die...
Your body crumbles into a pile of gold.

.....#..............#...'......#
..[..#..............#...#......#
.....#.............)#...#......#
.....#.........)<...'...#......#
.....###'####.###.#######......#
.......#..###.#####.........####
.......#...#.....(#.........#
......^#...#....F.#.........#
.......#########@##....l....###
###+##.....)..(.........#+#...#
#....'...(.....ยง........#....##
#....#..................#....#
'....#..................#....#
#..#*#..................###+#####
#..#####....#########............
....# #....# #............ ...o#
#....# #............


You could see Prince Ribbit (poisoned).

Vanquished Creatures
  A centaur (D:5)
  3 scorpions
  3 hounds
  2 orc priests
  An orc wizard (D:5)
  3 gnolls (D:5)
  5 adders
  A dart slug (D:5)
  6 orcs
  8 endoplasms
  5 giant cockroaches
  6 goblins
  5 hobgoblins
  A jackal (D:1)
  4 quokkas
  2 ball pythons
  4 bats
  3 frilled lizards (D:1)
  5 kobolds
  6 rats
74 creatures vanquished.

Notes
Turn   | Place    | Note
-------+----------+-------------------------------------------
     0 | D:5      | Esekla the Octopode Delver began the quest for the Orb.
     0 | D:5      | Reached XP level 1. HP: 16/16 MP: 1/1
    12 | D:5      | Noticed a hound
    23 | D:5      | Noticed Sigmund
    42 | D:5      | Noticed a phantom
    77 | D:5      | Noticed a jelly
   113 | D:5      | Noticed an orc wizard
   135 | D:5      | Found a staircase to the Ecumenical Temple.
   137 | D:5      | Noticed an iguana
   144 | Temple   | Entered the Ecumenical Temple
   151 | Temple   | Became a worshipper of Gozag Ym Sagoz the Greedy
   169 | D:5      | Reached XP level 2. HP: 16/21 MP: 2/2
   325 | D:2      | Reached skill level 7 in Stealth
   354 | D:2      | Reached XP level 3. HP: 26/26 MP: 3/3
   419 | D:1      | Found a faded altar of an unknown god.
   687 | D:1      | Found The Oracle's Delphic Readings.
   709 | D:1      | Bought a scroll of teleportation for 33 gold pieces
  1429 | D:2      | Reached skill level 1 in Spellcasting
  1596 | D:2      | Found Vunitouh's Jewellery Boutique.
  1663 | D:2      | Reached XP level 4. HP: 31/31 MP: 5/5
  2358 | D:3      | Upgraded the game from 0.30-a0-1075-gcd70e7a56d to
                  | 0.30-a0-1082-g70414cbcbb
  2564 | D:4      | Noticed a scorpion
  2571 | D:4      | Killed a scorpion
  2572 | D:4      | Reached skill level 8 in Stealth
  2572 | D:4      | Reached XP level 5. HP: 36/36 MP: 7/7
  2587 | D:4      | Reached skill level 1 in Conjurations
  2587 | D:4      | Reached skill level 1 in Transmutations
  2587 | D:4      | Reached XP level 6. HP: 42/42 MP: 8/8
  2983 | D:5      | Reached XP level 7. HP: 47/47 MP: 9/9
  3112 | D:5      | Reached skill level 1 in Short Blades
  3324 | D:5      | Noticed Prince Ribbit
  3433 | D:5      | Slain by Prince Ribbit

Illustrated notes

Levels and vault maps discovered:
D:1:      zelgadis_glass_arrival_small, layout_basic,
          shapermc_ecumenical_altar_notcrosses, nicolae_nh_oracle_at_delphi
D:2:      layout_basic, serial_shops, nicolae_shop_behind_doors, minivault_25,
          minmay_misc_feat_chi, st_stairs_14
D:3:      layout_rooms
D:4:      layout_loops_ring
D:5:      layout_gridville, minmay_temple_entry_sparse_star, uniq_sigmund,
          uniq_crazy_yiuf_cottage, uniq_prince_ribbit1
Temple:   hellmonk_temple_two_chambers

Skill      XL: |  1  2  3  4  5  6  7 |
---------------+----------------------+-----
Stealth        | 7 8 |  8.6
Spellcasting   | 1 2 |  2.0
Long Blades    | 3 4 |  4.2
Conjurations   | 1 2 |  2.2
Transmutations | 1 |  1.4
Short Blades   | 1 |  1.0
Fighting       | |  3.6
Throwing       | |  0.2
Dodging        | |  2.9

Action                     |  1- 3 |  4- 6 |  7- 9 || total
---------------------------+-------+-------+-------++-------
  Melee: Falchion          |    45 |    20 |     3 ||    68
         Constrict         |    15 |     9 |     8 ||    32
         Tentacles         |     8 |     8 |     8 ||    24
         Dagger            |    17 |    21 |     2 ||    40
         Punch             |     1 |       |     1 ||     2
         Long sword        |       |       |    27 ||    27
  Throw: Dart              |       |     3 |     4 ||     7
    Use: Scroll            |     1 |       |       ||     1
         Potion            |       |       |     4 ||     4
   Stab: Sleeping          |    12 |    15 |     1 ||    28
 Armour: Skin              |     5 |       |       ||     5
  Dodge: Dodged            |    27 |     9 |    22 ||    58

Table legend: (Time is in decaauts)
 A = Elapsed time spent in this place.
 B = Non-inter-level travel time spent in this place.
 C = Inter-level travel time spent in this place.
 D = Time resting spent in this place.
 E = Time spent auto-exploring this place.
 F = Levels seen in this place.
 G = Mean time per level.
                   A        B        C        D        E       F      G
               +--------+--------+--------+--------+--------+-----+--------+
         Total |   3424 |   3287 |    137 |    257 |   1198 |   6 |  570.7 |
       Dungeon |   3411 |   3280 |    131 |    257 |   1198 |   5 |  682.2 |
        Temple |     13 |      7 |      6 |      0 |      0 |   1 |   13.0 |
               +--------+--------+--------+--------+--------+-----+--------+

Top non-repeatable levels by time:
     D:1: 876 daAuts
     D:3: 690 daAuts
     D:5: 648 daAuts
     D:2: 611 daAuts
     D:4: 584 daAuts
  Temple: 13 daAuts
